 Dungeon Crawl Stone Soup version 0.23-a0-899-gbbae0a3 (webtiles) character file.

Game seed: 12213453186133567345

558 ohad the Cudgeler (level 7, -2/70 HPs)
             Began as an Ogre Berserker on Jan 29, 2019.
             Was a Priest of Trog.
             Slain by a phantom (10 damage)
             ... on level 3 of the Dungeon.
             The game lasted 00:09:27 (3664 turns).

ohad the Cudgeler (Ogre Berserker)                  Turns: 3664, Time: 00:09:28

Health: -2/70      AC:  4    Str: 22    XL:     7   Next: 31%
Magic:  7/7        EV: 10    Int:  8    God:    Trog [***...]
Gold:   221        SH:  0    Dex: 10    Spells: 6/6 levels left

rFire    . . .     SeeInvis .   w - +0 morningstar
rCold    . . .     Gourm    +   (no shield)
rNeg     . . .     Faith    .   b - +0 animal skin
rPois    .         Spirit   .   (helmet restricted)
rElec    .         Reflect  .   v - +0 cloak (curse)
rCorr    .         Harm     .   (gloves unavailable)
MR       ++...                  (boots unavailable)
Stlth    +.........             k - amulet of the gourmand
HPRegen  1.21/turn              (no ring)
MPRegen  0.10/turn              (no ring)

@: regenerating
A: large, unfitting armour, tough skin 1
a: Berserk, Trog's Hand, Renounce Religion


You were on level 3 of the Dungeon.
You worshipped Trog.
Trog was most pleased with you.
You were very full.

You visited 1 branch of the dungeon, and saw 4 of its levels.

You collected 221 gold pieces.

Inventory:

Hand Weapons
 a - a +0 mace
 p - a +0 flail
 q - the +2 hunting sling "Ogreslayer" {speed, MR+, unknown}
   (You found it on level 4 of the Dungeon)

   Attacks with this weapon are significantly faster.
   It affects your resistance to hostile enchantments.
 w - a +0 morningstar (weapon)
Missiles
 e - 20 poisoned needles
 l - 2 poisoned javelins (quivered)
 y - 3 tomahawks
Armour
 b - a +0 animal skin (worn)
 v - a cursed +0 cloak (worn)
Jewellery
 k - an amulet of the gourmand (around neck)
Scrolls
 f - 2 scrolls of immolation
 i - 3 scrolls of remove curse {unknown}
 j - a scroll of amnesia {unknown}
 n - 3 scrolls of teleportation {unknown}
 r - 2 scrolls of fog {unknown}
 u - a scroll of fear {unknown}
 z - a scroll of random uselessness {unknown}
Potions
 d - 5 potions of curing
 g - a potion of brilliance
 h - a potion of haste {unknown}
 m - a potion of flight
 o - 2 potions of agility
 s - a potion of resistance
 t - a potion of degeneration {unknown}
 x - a potion of lignification {unknown}
Comestibles
 c - 9 rations


   Skills:
 - Level 4.0 Fighting
 + Level 7.5 Maces & Flails
 - Level 2.6 Dodging


You had 6 spell levels left.
You didn't know any spells.
Your spell library was empty.

Dungeon Overview and Level Annotations

Branches:
Dungeon (4/15)
 Temple: D:4-7

Altars:


Innate Abilities, Weirdness & Mutations

You are too large for most types of armour.
You have tough skin. (AC +1)


Message History

Unknown command.
You hit the phantom.
The phantom is lightly damaged.
The phantom hits you but does no damage.
The gnoll hits you but does no damage.
You sock the phantom!
The phantom is moderately damaged.
The phantom barely misses you. The gnoll hits you with a +0 spear!
* * * LOW HITPOINT WARNING * * *
You closely miss the phantom.
The phantom is moderately damaged.
The phantom closely misses you. The gnoll barely misses you.
You closely miss the phantom.
The phantom is moderately damaged.
The phantom closely misses you. The gnoll hits you with a +0 spear!
* * * LOW HITPOINT WARNING * * *
Your skin crawls.
You feel resistant to hostile enchantments.
You feel somewhat less full. The phantom hits you!
You die...

...####.# #.### ####.#. .#...##.#
#.# ####.#. ...#.##.# #.# #......
#.##.##.# #.# #.###.. #.##.##.#
#.# #.# #..
#.##.##.###########.#######.###..
.............(...................
#.##.#.#############.########.###
.....#.##.....hg@###.## #.#
#.####.##.######W##...## #.#
#.####.##.# #.#.###.## #.#
#.##......# #..## ##.# #.#
#.##......# #..# #.#####.#
..........#######.## ##.......#
....<..............###..#######
..........#########...###
########### #####


You could see a phantom, a hound and a gnoll.

Vanquished Creatures
  A hungry ghost (D:3)
  Menkaure (D:4)
  A quasit (D:3)
  An orc priest (D:3)
  Jessica (D:2)
  A worker ant (D:3)
  Robin (D:3)
  3 gnolls
  6 adders
  3 dart slugs
  A leopard gecko (D:1)
  4 orcs
  9 giant cockroaches
  15 goblins
  12 hobgoblins
  7 jackals
  3 kobolds
  A quokka (D:3)
  3 ball pythons
  6 bats
  7 frilled lizards
  7 rats
94 creatures vanquished.

Notes
Turn   | Place    | Note
-------+----------+-------------------------------------------
     0 | D:1      | ohad the Ogre Berserker began the quest for the Orb.
     0 | D:1      | Reached XP level 1. HP: 24/24 MP: 1/1
    56 | D:1      | Reached skill level 3 in Maces & Flails
   123 | D:1      | Reached XP level 2. HP: 29/32 MP: 2/2
   352 | D:1      | Reached XP level 3. HP: 36/39 MP: 3/3
   389 | D:1      | Reached ** piety under Trog
   809 | D:2      | Reached skill level 4 in Maces & Flails
   956 | D:2      | Noticed Jessica
   963 | D:2      | Killed Jessica
   963 | D:2      | Reached XP level 4. HP: 42/48 MP: 4/4
  1492 | D:2      | Reached skill level 5 in Maces & Flails
  1573 | D:2      | Reached XP level 5. HP: 46/54 MP: 5/5
  2211 | D:3      | Reached *** piety under Trog
  2556 | D:4      | Noticed a hungry ghost
  2575 | D:3      | Killed a hungry ghost
  2575 | D:3      | Reached skill level 6 in Maces & Flails
  2575 | D:3      | Reached XP level 6. HP: 50/62 MP: 6/6
  2581 | D:4      | Noticed Robin
  3254 | D:3      | Killed Robin
  3367 | D:4      | Noticed Menkaure
  3377 | D:4      | Killed Menkaure
  3377 | D:4      | Reached skill level 7 in Maces & Flails
  3377 | D:4      | Reached XP level 7. HP: 20/70 MP: 7/7
  3620 | D:4      | Got an ichor-stained hunting sling
  3664 | D:3      | Slain by a phantom

Vault maps used:
D:1:      psy_arrival_dodecagon, kennysheep_doodads
D:2:      minmay_spotlight, minmay_3d_cube, uniq_jessica
D:4:      serial_bayou_crossing, uniq_menkaure, uniq_eustachio, uniq_robin

Skill      XL: |  1  2  3  4  5  6 |
---------------+-------------------+-----
Maces & Flails | 3 4 5 6 7 |  7.5
Fighting       | |  4.0
Dodging        | |  2.6

Action                   |  1- 3 |  4- 6 |  7- 9 || total
-------------------------+-------+-------+-------++-------
Melee: Mace              |   101 |    62 |       ||   163
       Flail             |       |    67 |       ||    67
       Morningstar       |       |    70 |    14 ||    84
Invok: Berserk           |       |     1 |       ||     1
       Trog's Hand       |       |       |     1 ||     1
  Use: Scroll            |       |     5 |       ||     5
 Stab: Sleeping          |       |     1 |       ||     1
  Eat: Chunk             |     3 |    29 |       ||    32
Armor: Animal skin       |    34 |    86 |     3 ||   123
Dodge: Dodged            |    72 |   143 |    20 ||   235

Table legend:
 A = Non-vault XP
 B = Vault XP
 C = Vault XP percentage of total XP
 D = Non-vault monster count
 E = Vault monster count
 F = Vault count percentage of total count
                 A         B        C        D         E       F
            +---------+---------+-------+---------+---------+-------
      Total |     494 |     304 |  38.1 |      71 |      23 |  24.5
            +---------+---------+-------+---------+---------+-------
        D:1 |      51 |       0 |   0.0 |      31 |       0 |   0.0
        D:2 |      27 |     100 |  78.7 |      13 |      10 |  43.5
        D:3 |     384 |      35 |   8.4 |      24 |      12 |  33.3
        D:4 |      32 |     169 |  84.1 |       3 |       1 |  25.0
            +---------+---------+-------+---------+---------+-------
